 Dungeon Crawl Stone Soup version 0.31-a0-875-g02e7d12df6 (webtiles) character file.

Game seed: 14516472433702900231

160 javelincjr the Changeling (level 5, -2/49 HPs)
             Began as a Troll Shapeshifter on Oct 12, 2023.
             Slain by an ogre
             ... wielding a +0 giant club
              (13 damage)
             ... on level 4 of the Dungeon.
             The game lasted 00:04:58 (1543 turns).

javelincjr the Changeling (Troll Shapeshifter)      Turns: 1543, Time: 00:04:58

Health: -2/49      AC:  4    Str: 24    XL:     5   Next: 17%
Magic:  4/4        EV: 10    Int:  6    God:
Gold:   152        SH:  0    Dex:  9    Spells: 4/4 levels left

rFire   . . .        k - +2 whip (drain)
rCold   . . .        (no shield)
rNeg    . . .        a - +0 animal skin
rPois   .            (helmet currently unavailable)
rElec   .            (cloak currently unavailable)
rCorr   .            (gloves unavailable)
SInv    .            (boots unavailable)
Will    .....        (no amulet)
Stlth   +            (no ring)
HPRegen 1.08/turn    (no ring)
MPRegen 0.09/turn

%: no passive effects
@: beast-form
A: beast (slay +2), large, unfitting armour, claws 3, regeneration 1, shaggy fur
1, tough skin 1
a: Begin Untransformation


You were on level 4 of the Dungeon.
You were a hulking beast.
You visited 1 branch of the dungeon, and saw 4 of its levels.

You collected 152 gold pieces.

Inventory:

Hand Weapons
 i - a +0 dagger of protection
 k - a +2 whip of draining (weapon)
 l - a +1 vampiric whip
Missiles
 j - 4 javelins
Armour
 a - a +0 animal skin (worn)
Talismans
 c - a beast talisman (active)
 d - a flux talisman
Wands
 n - a wand of polymorph (9)
Scrolls
 e - 2 scrolls of vulnerability {unknown}
 f - 9 scrolls of identify {unknown}
 o - 3 scrolls of immolation
 p - a scroll of enchant armour {unknown}
 q - a scroll of enchant weapon {unknown}
 r - a scroll of silence {unknown}
 s - a scroll of teleportation {unknown}
Potions
 b - 2 potions of lignification
 g - 2 potions of haste {unknown}
 h - a potion of heal wounds {unknown}
 m - a potion of curing {unknown}


   Skills:
 - Level 2.0 Fighting
 - Level 2.4 Dodging
 - Level 3.8 Unarmed Combat
 * Level 4.0 Shapeshifting


You had 4 spell levels left.
You didn't know any spells.
Your spell library was empty.

Dungeon Overview and Level Annotations

Branches:
Dungeon (4/15)
 Temple: D:4-7

Altars:
Hepliaklqana


Innate Abilities, Weirdness & Mutations

You are a hulking beast.
Your limbs bulge with bestial killing power. (Slay +2)
You are too large for most types of armour.
You have claws for hands.
Your natural rate of healing is unusually fast.
You are covered in fur. (AC +1)
You have tough skin. (AC +1)


Message History

The orc wizard is heavily wounded.
The orc wizard hits you but does no damage.
You barely miss the orc wizard.
The orc wizard is heavily wounded.
The orc wizard hits you but does no damage.
You hit the orc wizard.
The orc wizard is almost dead.
The orc wizard hits you with a +0 dagger.
You hit the orc wizard.
You kill the orc wizard!
Your Shapeshifting skill increases to level 4!
You have reached level 5!
HP restored.
Things that are here:
a +0 dagger; a +0 robe; an orc corpse You now have 152 gold pieces (gained 6).
f - 9 scrolls labelled OQUASE ZULE (gained 1)
Found a ring mail.
You see here a +0 ring mail.
Found a hazy altar of Hepliaklqana.
s - a scroll labelled PAQIDWUXTO An ogre comes into view.
It is wielding a +0 giant club.
Found an escape hatch in the floor.
You closely miss the ogre.
The ogre hits you with a +0 giant club!!
You barely miss the ogre. You whack the ogre!
The ogre is moderately wounded.
The ogre misses you.
You hit the ogre.
The ogre is heavily wounded.
The ogre hits you with a +0 giant club!!
Ouch! That really hurt!
* * * LOW HITPOINT WARNING * * *
You are too injured to fight recklessly!
You are too injured to fight recklessly!
You barely miss the ogre.
The ogre is heavily wounded.
The ogre hits you with a +0 giant club!
You die...

####### #
#$....##.###
#..........#.#
#####.....##.#.#..
.............#.._#
#.Oh...#......
#>......#.........
#.#####.##.#......
#.##....#...
#.#........# ##
#......###..
...#######.#.......
................###
........[..^.......


You could see an ogre.

Vanquished Creatures
  Terence (D:3)
  An iguana (D:3)
  An orc wizard (D:4)
  3 adders
  3 dart slugs
  2 orcs (D:4)
  5 ball pythons
  2 endoplasms (D:3)
  9 goblins
  2 hobgoblins
  6 jackals
  A kobold (D:1)
  2 quokkas (D:1)
  A bat (D:3)
  7 rats
46 creatures vanquished.

Notes
Turn   | Place    | Note
-------+----------+-------------------------------------------
     0 | D:1      | javelincjr the Troll Shapeshifter began the quest for the
                  | Orb.
     0 | D:1      | Reached XP level 1. HP: 18/18 MP: 0/0
    31 | D:1      | Reached skill level 1 in Fighting
   125 | D:1      | Reached XP level 2. HP: 27/27 MP: 1/1
   617 | D:2      | Reached XP level 3. HP: 27/33 MP: 2/2
   981 | D:3      | Reached XP level 4. HP: 42/42 MP: 3/3
  1083 | D:3      | Found a faded altar of an unknown god.
  1096 | D:3      | Noticed Terence
  1104 | D:3      | Killed Terence
  1506 | D:4      | Reached skill level 4 in Shapeshifting
  1506 | D:4      | Reached XP level 5. HP: 47/49 MP: 4/4
  1529 | D:4      | Found a hazy altar of Hepliaklqana.
  1535 | D:4      | Noticed an ogre
  1543 | D:4      | Slain by an ogre

Illustrated notes

Levels and vault maps discovered:
D:1:      minmay_arrival_nine_rooms, layout_basic
D:2:      layout_basic
D:3:      layout_basic, hellmonk_ecumenical_altar_blasted, uniq_terence
D:4:      layout_basic, overflow_temple_1_default

Skill      XL: |  1  2  3  4 |
---------------+-------------+-----
Fighting       | 1 2 |  2.0
Dodging        | 2 |  2.4
Shapeshifting  | 4 |  4.0
Unarmed Combat | |  3.8

Action                     |  1- 3 |  4- 6 || total
---------------------------+-------+-------++-------
  Melee: Unarmed           |    23 |       ||    23
         Punch             |     1 |       ||     1
         Dagger            |    16 |       ||    16
         Whip              |    26 |    52 ||    78
   Stab: Sleeping          |     1 |       ||     1
 Armour: Animal skin       |    36 |    36 ||    72
  Dodge: Dodged            |    25 |    18 ||    43

Table legend: (Time is in decaauts)
 A = Elapsed time spent in this place.
 B = Non-inter-level travel time spent in this place.
 C = Inter-level travel time spent in this place.
 D = Time resting spent in this place.
 E = Time spent auto-exploring this place.
 F = Levels seen in this place.
 G = Mean time per level.
                   A        B        C        D        E       F      G
               +--------+--------+--------+--------+--------+-----+--------+
         Total |   1548 |   1487 |     61 |      0 |   1131 |   4 |  387.0 |
       Dungeon |   1548 |   1487 |     61 |      0 |   1131 |   4 |  387.0 |
               +--------+--------+--------+--------+--------+-----+--------+

Top non-repeatable levels by time:
     D:1: 520 daAuts
     D:2: 455 daAuts
     D:3: 413 daAuts
     D:4: 158 daAuts
